 Dungeon Crawl Stone Soup version 0.30-a0-168-g0b976cbdc4 (webtiles) character file.

Game seed: 12951298360059348140

22 qw the Shield-Bearer (level 2, -1/19 HPs)
             Began as a Gargoyle Fighter on Sept 29, 2022.
             Slain by Sigmund
             ... wielding a +0 scythe
              (2 damage)
             ... on level 2 of the Dungeon.
             The game lasted 00:00:24 (911 turns).

qw the Shield-Bearer (Gargoyle Fighter)              Turns: 911, Time: 00:00:24

Health: -1/19      AC: 13    Str: 19    XL:     2   Next: 91%
Magic:  2/2        EV:  9    Int:  8    God:
Gold:   52         SH:  4    Dex:  9    Spells: 1/1 levels left

rFire   . . .      SeeInvis .    Y - +0 war axe
rCold   . . .      Faith    .    c - +0 buckler
rNeg    + . .      Spirit   .    b - +0 scale mail
rPois   inf        Reflect  .    (no helmet)
rElec   +          Harm     .    (no cloak)
rCorr   .          Rampage  .    (no gloves)
Will    .....                    (no boots)
Stlth   ..........               (no amulet)
HPRegen 0.06/turn                j - +4 ring of protection
MPRegen 0.08/turn                (no ring)

@: no status effects
A: sickness immunity, AC +2, negative energy resistance 1, electricity
resistance, torment resistance 1, petrification resistance
a: no special abilities


You were on level 2 of the Dungeon.
You visited 1 branch of the dungeon, and saw 2 of its levels.

You collected 52 gold pieces.


Innate Abilities, Weirdness & Mutations

You are immune to sickness and miasma.
Your stone body is resilient. (AC +2)
You are immune to poison.
You resist negative energy. (rN+)
You are resistant to electric shocks. (rElec)
You are resistant to unholy torment.
You are immune to petrification.


   Skills:
 - Level 3.2 Fighting
 + Level 3.0 Axes
 - Level 3.2 Armour
 - Level 3.2 Shields


You had one spell level left.
You didn't know any spells.
Your spell library was empty.

Inventory:

Hand Weapons
 Y - a +0 war axe (weapon)
Armour
 b - a +0 scale mail (worn)
 c - a +0 buckler (worn)
Jewellery
 j - a +4 ring of protection (left hand)
Scrolls
 a - 2 scrolls of identify
 g - a scroll of brand weapon {unknown}
Potions
 d - a potion of might
 e - a potion of curing {unknown}
 f - a potion of mutation {unknown}
 h - a potion of berserk rage {unknown}

Dungeon Overview and Level Annotations

Branches:
Dungeon (2/15)

Altars:

Annotations:
D:2 Sigmund


Message History

You miss Sigmund. Sigmund gestures at you while chanting.
The puff of flame misses you.
You barely miss Sigmund. Sigmund hits you but does no damage.
You miss Sigmund. Sigmund gestures at you while chanting.
The magic dart hits you.
You bump into the rock wall.
Sigmund barely misses you.
You closely miss Sigmund. Sigmund hits you but does no damage.
You miss Sigmund. Sigmund hits you but does no damage.
You barely miss Sigmund.
You feel less confused. Sigmund hits you but does no damage.
You closely miss Sigmund.
Sigmund points at you and mumbles some strange words.
You are confused.
You miss Sigmund.
Sigmund points at you and mumbles some strange words.
You resist with significant effort.
You hit Sigmund but do no damage. Sigmund gestures at you while chanting.
The magic dart hits you. Sigmund hits you but does no damage.
You bump into the rock wall.
You bump into the rock wall.
Sigmund gestures at you while chanting. You resist with significant effort.
You miss Sigmund.
You feel less confused. Sigmund hits you with a +0 scythe.
You slash Sigmund!
Sigmund is moderately wounded.
You block Sigmund's attack.
You barely miss Sigmund.
Sigmund is moderately wounded.
Sigmund hits you with a +0 scythe.
You die...

#. .....# .. .....
#. .... #. ...
#.#.. .S. #g# #@#
#@# ..
####.#####.# #.
#######..........#
#.
........##.###....
..
########.%.....#.#
#. #.#.##### ## #.
#.#... .. #.##
#.##### #.##..##
#.# #.......


You could see Sigmund, a goblin and a ball python.

Vanquished Creatures
  4 endoplasms (D:1)
  2 giant cockroaches (D:1)
  2 goblins (D:1)
  2 hobgoblins (D:1)
  A kobold (D:1)
  A quokka (D:1)
  A ball python (D:1)
  2 bats
  2 frilled lizards
  2 rats (D:1)
19 creatures vanquished.

Vanquished Creatures (others)
  4 toadstools (D:1)
4 creatures vanquished.

Grand Total: 23 creatures vanquished

Notes
Turn   | Place    | Note
-------+----------+-------------------------------------------
     0 | D:1      | qw the Gargoyle Fighter began the quest for the Orb.
     0 | D:1      | Reached XP level 1. HP: 14/14 MP: 1/1
     0 | D:1      | 0 ||| qw: Version: 0.2-a-12-gaebbb33
     0 | D:1      | 0 ||| qw: Game counter: 1087
     0 | D:1      | 0 ||| qw: Always use a shield: true
     0 | D:1      | 0 ||| qw: God list: Okawaru
     0 | D:1      | 0 ||| qw: Allow faded altars: false
     0 | D:1      | 0 ||| qw: Do Orc after D:15 true
     0 | D:1      | 0 ||| qw: Do second Lair branch before Depths: true
     0 | D:1      | 0 ||| qw: Lair rune preference: random
     0 | D:1      | 0 ||| qw: Plans: Normal, Zot:1-4, God:TSO, Crypt, Tomb,
                  | Pan, Slime:5, Hells, Abyss, Orb
     0 | D:1      | 0 ||| PLANNING D:1-11
   104 | D:1      | Reached XP level 2. HP: 18/19 MP: 2/2
   539 | D:1      | 539 ||| Stepping ~*~*~tactically~*~*~ (stealth).
   540 | D:1      | 540 ||| Stepping ~*~*~tactically~*~*~ (stealth).
   718 | D:1      | 718 ||| UPGRADING to +4 ring of protection.
   719 | D:1      | 719 ||| READING 2 scrolls labelled AREVVISARGH.
   720 | D:1      | 720 ||| READING scroll labelled WEOZ ONYOQOLI.
   755 | D:2      | Reached skill level 3 in Axes
   876 | D:2      | Noticed Sigmund
   888 | D:2      | 888 ||| FLEEEEING.
   889 | D:2      | 889 ||| FLEEEEING.
   909 | D:2      | HP: 1/19 [Sigmund/+0 scythe (5)]
   911 | D:2      | Slain by Sigmund

Levels and vault maps discovered:
D:1:      ldierk_walled_garden_2, layout_rooms
D:2:      layout_loops_ring, minmay_quantized, uniq_sigmund

Skill      XL: |  1  2 |
---------------+-------+-----
Axes           | 2 3 |  3.0
Fighting       | |  3.2
Armour         | |  3.2
Shields        | |  3.2

Action                   || total
-------------------------++-------
Melee: War axe           ||    78
  Use: Scroll            ||     2
Armor: Scale mail        ||    41
Dodge: Dodged            ||    21
Block: Buckler           ||    10

Table legend:
 A = Non-vault XP
 B = Vault XP
 C = Vault XP percentage of total XP
 D = Non-vault monster count
 E = Vault monster count
 F = Vault count percentage of total count
                 A         B        C        D         E       F
            +---------+---------+-------+---------+---------+-------
      Total |      32 |       0 |   0.0 |      19 |       0 |   0.0
            +---------+---------+-------+---------+---------+-------
        D:1 |      29 |       0 |   0.0 |      17 |       0 |   0.0
        D:2 |       3 |       0 |   0.0 |       2 |       0 |   0.0
            +---------+---------+-------+---------+---------+-------
